 Dungeon Crawl Stone Soup version 0.28-a0-1142-gc8569940dd (webtiles) character file.

Game seed: 1146797200959604399

687 ChaosChampion the Insei (level 7, -7/43 HPs)
             Began as an Octopode Transmuter on Dec 13, 2021.
             Mangled by a spatial vortex (15 damage)
             ... summoned by a spatial maelstrom
             ... on level 2 of the Abyss.
             The game lasted 00:14:38 (6509 turns).

ChaosChampion the Insei (Octopode Transmuter)       Turns: 6509, Time: 00:14:39

Health: -7/43      AC:  1    Str: 15    XL:     7   Next: 62%
Magic:  10/10      EV: 13    Int: 18    God:
Gold:   246        SH:  0    Dex: 12    Spells: 4/10 levels left

rFire   . . .      SeeInvis .     - Unarmed
rCold   . . .      Faith    .   (no shield)
rNeg    . . .      Spirit   .   (helmet restricted)
rPois   .          Reflect  .   (no amulet)
rElec   .          Harm     .   e - +6 ring of strength
rCorr   .          Rampage  .   (no ring)
Will    .....                   (no ring)
Stlth   ++........              (no ring)
HPRegen 0.14/turn               (no ring)
MPRegen 0.12/turn               (no ring)
                                (no ring)
                                (no ring)

@: about to teleport
A: almost no armour, amphibious, 8 rings, camouflage 1, gelatinous body 1,
(nimble swimmer 1), tentacles
a: no special abilities


You were on level 2 of the Abyss.
You visited 1 branch of the dungeon, and saw 4 of its levels.
You visited the Abyss 1 time.

You collected 246 gold pieces.

Inventory:

Missiles
 c - 25 poisoned darts (quivered)
Armour
 a - the -5 buckler of Caustic the Leaf {*Slow Str+8 Int+2 Slay-3}
   (You found it on level 2 of the Abyss)

   Str:       It affects your strength (+8).
   Int:       It affects your intelligence (+2).
   Slay:      It affects your accuracy & damage with ranged weapons and melee
   (-3).
   *Slow:     It may slow you when you take damage.
Jewellery
 e - a +6 ring of strength (left tentacle)
Wands
 g - a wand of iceblast (9)
 l - a wand of flame (10)
Scrolls
 d - 5 scrolls of teleportation
Potions
 f - 2 potions of curing
 h - a potion of flight
 j - a potion of invisibility


   Skills:
 - Level 1.0 Fighting
 - Level 2.0 Dodging
 * Level 6.4 Unarmed Combat
 - Level 2.0 Spellcasting
 + Level 5.4 Transmutations
 - Level 3.0 Poison Magic


You had 4 spell levels left.
You knew the following spells:

 Your Spells              Type           Power      Damage    Failure   Level
a - Beastly Appendage     Tmut           42%        N/A       1%          1
b - Wereblood             Tmut           21%        N/A       3%          2
c - Spider Form           Tmut/Pois      16%        N/A       10%         3

Your spell library contained the following spells:

 Spells                   Type           Power      Damage    Failure   Level
 Freeze                   Ice            4%         1d3       19%         1
 Frozen Ramparts          Ice            2%         1d2       47%         3
 Inner Flame              Hex/Fire       1%         N/A       47%         3
 Ice Form                 Ice/Tmut       11%        N/A       52%         4
 Cause Fear               Hex            0%         N/A       87%         4
 Hailstorm                Conj/Ice       1%         3d3       87%         4
 Discord                  Hex            0%         N/A       100%        8


Dungeon Overview and Level Annotations

Branches:
Dungeon (4/15)
 Temple: D:4-7

Altars:

Shops:
D:1 [   D:4 *


Innate Abilities, Weirdness & Mutations

You cannot wear most types of armour.
You are amphibious.
You can wear up to eight rings at the same time.
Your skin changes colour to match your surroundings (Stealth+).
Your rubbery body absorbs attacks. (AC +1, EV +1)
((You are camouflaged near water. (Stealth+)))
You have tentacles for arms and can constrict up to eight enemies at once.


Message History

Found a hunting sling.
You see here the -5 buckler of Caustic the Leaf {*Slow Str+8 Int+2 Slay-3}.
a - the -5 buckler of Caustic the Leaf {*Slow Str+8 Int+2 Slay-3}
Found a triple sword.
Found an ornate altar of the Wu Jian Council.
You now have 246 gold pieces (gained 9).
There are no items here.
You see here a +0 triple sword.
A wizard comes into view. It is wielding a +0 dagger.
The wizard shouts!
The wizard mumbles some strange words.
The wizard flickers and vanishes!
Deactivating autopickup; reactivate with Ctrl-A.
Found a runed arbalest.
A raiju comes into view.
Found a wand of flame (5).
You see here a wand of flame (5).
l - a wand of flame (10) (gained 5 charges)
You barely miss the large abomination.
Your squeeze misses the large abomination.
The wizard gestures at you while chanting.
You struggle to resist.
A large abomination comes into view. 2 spatial vortices come into view.
A spatial maelstrom comes into view.
The spatial maelstrom moves out of view. 2 spatial vortices come into view.
As you read the scroll of teleportation, it crumbles to dust.
You feel strangely unstable.
You feel the power of the Abyss delaying your translocation!
A spatial vortex comes into view.
The wizard mumbles some strange words.
The wizard flickers and vanishes!
A spatial vortex comes into view. x2
A spatial vortex comes into view.
You bludgeon the spatial vortex!
The spatial vortex is lightly damaged.
The spatial maelstrom hits you. Space warps horribly around you!
* * * LOW HITPOINT WARNING * * *
The spatial maelstrom misses you. The spatial vortex hits you!
You die...

v# # #.# . .
#.#....
.##.#...v..#
###.v.#v.v...
##..#.....#.v. #.
#..v.#.v..#. ##
.#.#..@##.#..# ..
# ..#...v...# .
#......#X..## .
.#.#..#.#..##.#
.# .
###....#.#.#.#
.#..##.#.### ...#
.#...###...#{...#
...#.. #.###.
.##.# #.## #
.....#.## .#


You could see a spatial maelstrom, 3 spatial vortices and a large abomination.

Vanquished Creatures
  Grinder (D:4)
  2 orc priests
  Ijyb (D:3)
  Terence (D:2)
  3 iguanas (D:4)
  An orc wizard (D:3)
  Natasha (thrice) (D:3)
  Robin (D:3)
  4 gnolls
  6 adders
  2 adder skeletons (D:4)
  3 worms (D:3)
  2 dart slugs (D:1)
  12 orcs
  3 bats (D:1)
  5 endoplasms
  4 giant cockroaches
  13 goblins
  8 hobgoblins
  2 quokkas
  9 ball pythons
  3 frilled lizards
  4 kobolds
  4 rats
97 creatures vanquished.

Notes
Turn   | Place    | Note
-------+----------+-------------------------------------------
     0 | D:1      | ChaosChampion the Octopode Transmuter began the quest for
                  | the Orb.
     0 | D:1      | Reached XP level 1. HP: 13/13 MP: 3/3
   325 | D:1      | Found Lopesh's Armour Shop.
   401 | D:1      | Reached XP level 2. HP: 16/18 MP: 3/5
   404 | D:1      | Learned a level 2 spell: Wereblood
   553 | D:1      | You fall into a shaft and drop 1 floor!
  1149 | D:1      | Reached XP level 3. HP: 23/23 MP: 3/6
  1446 | D:2      | Reached skill level 4 in Unarmed Combat
  2112 | D:2      | Found a faded altar of an unknown god.
  2120 | D:2      | Noticed Terence
  2126 | D:2      | Learned a level 3 spell: Spider Form
  2131 | D:2      | Killed Terence
  2132 | D:2      | Reached XP level 4. HP: 28/28 MP: 1/7
  2896 | D:2      | Reached skill level 1 in Poison Magic
  2896 | D:2      | Reached XP level 5. HP: 27/33 MP: 3/8
  3322 | D:3      | Noticed Ijyb
  3360 | D:3      | Killed Ijyb
  3523 | D:3      | Noticed Robin
  3872 | D:3      | Killed Robin
  4115 | D:3      | Reached skill level 5 in Unarmed Combat
  4277 | D:3      | Noticed Natasha
  4284 | D:3      | Killed Natasha
  4285 | D:3      | Reached XP level 6. HP: 33/38 MP: 3/9
  4297 | D:3      | Noticed Natasha
  4302 | D:3      | Killed Natasha
  4319 | D:3      | Noticed Natasha
  4365 | D:3      | Killed Natasha
  5409 | D:4      | Found Leif's Elemental Accessories.
  5568 | D:4      | Reached XP level 7. HP: 25/43 MP: 5/10
  5838 | D:4      | Noticed Grinder
  5838 | D:4      | Paralysed by Grinder for 4 turns
  6159 | D:4      | Killed Grinder
  6160 | D:4      | Reached skill level 6 in Unarmed Combat
  6160 | D:4      | Reached skill level 5 in Transmutations
  6279 | D:4      | Cast into level 1 of the Abyss (orc wizard)
  6319 | Abyss:1  | Noticed a deep elf sorcerer
  6334 | Abyss:1  | Noticed a ynoxinul
  6379 | Abyss:1  | Noticed a spriggan defender skeleton
  6430 | Abyss:2  | Identified the -5 buckler of Caustic the Leaf {*Slow Str+8
                  | Int+2 Slay-3}
  6433 | Abyss:2  | Found an ornate altar of the Wu Jian Council.
  6456 | Abyss:2  | Noticed a wizard
  6477 | Abyss:2  | Noticed a raiju
  6493 | Abyss:2  | Noticed a large abomination
  6497 | Abyss:2  | Noticed a large abomination
  6502 | Abyss:2  | Noticed a spatial vortex
  6502 | Abyss:2  | Noticed a spatial vortex
  6502 | Abyss:2  | Noticed a spatial maelstrom
  6503 | Abyss:2  | Noticed a spatial vortex
  6503 | Abyss:2  | Noticed a spatial vortex
  6504 | Abyss:2  | Noticed a spatial vortex
  6506 | Abyss:2  | Noticed a spatial vortex
  6507 | Abyss:2  | Noticed a spatial vortex
  6509 | Abyss:2  | Noticed a spatial vortex
  6509 | Abyss:2  | Mangled by a spatial vortex

Illustrated notes

Levels and vault maps discovered:
D:1:      minmay_arrival_widening_spiral_wide, layout_basic, serial_shops,
          nicolae_shop_temple_entry_statues_fountains, serial_park_tiny_1,
          minmay_3d_cube
D:2:      layout_loops_cross, basic_ecumenical_altar, uniq_terence
D:3:      layout_rooms, serial_glass, glass_columns_a, glass_columns_b,
          nrook_mini_vaults, uniq_ijyb, uniq_natasha, uniq_robin
D:4:      layout_gridville, beargit_hepliaklqana_dungeon_heroes,
          nicolae_elemental_shop, uniq_grinder
Abyss:2:  base: D:3, abyss_exit_lava

Skill      XL: |  1  2  3  4  5  6  7 |
---------------+----------------------+-----
Unarmed Combat | 4 5 6 |  6.4
Transmutations | 3 4 5 |  5.4
Poison Magic   | 1 2 3 |  3.0
Fighting       | |  1.0
Dodging        | |  2.0
Spellcasting   | |  2.0

Action                   |  1- 3 |  4- 6 |  7- 9 || total
-------------------------+-------+-------+-------++-------
Melee: Unarmed           |    51 |   145 |    29 ||   225
       Constrict         |    15 |     7 |       ||    22
       Kick              |    16 |     3 |       ||    19
       Tentacles         |    10 |     3 |       ||    13
       Punch             |       |     1 |       ||     1
Throw: Dart              |     4 |     9 |       ||    13
 Cast: Beastly Appendage |    24 |     5 |     1 ||    30
       Wereblood         |    10 |    23 |     3 ||    36
       Spider Form       |     1 |    30 |     5 ||    36
  Use: Scroll            |       |       |     9 ||     9
 Stab: Sleeping          |     2 |       |       ||     2
Armor: Skin              |     7 |     8 |       ||    15
Dodge: Dodged            |    32 |   106 |    23 ||   161

Table legend: (Time is in decaauts)
 A = Elapsed time spent in this place.
 B = Non-inter-level travel time spent in this place.
 C = Inter-level travel time spent in this place.
 D = Time resting spent in this place.
 E = Time spent auto-exploring this place.
 F = Levels seen in this place.
 G = Mean time per level.
                   A        B        C        D        E       F      G
               +--------+--------+--------+--------+--------+-----+--------+
         Total |   6504 |   6454 |     50 |   2100 |   2810 |   6 | 1084.0 |
       Dungeon |   6275 |   6225 |     50 |   2100 |   2810 |   4 | 1568.8 |
         Abyss |    229 |    229 |      0 |      0 |      0 |   2 |  114.5 |
               +--------+--------+--------+--------+--------+-----+--------+

Top non-repeatable levels by time:
     D:2: 1971 daAuts
     D:1: 1884 daAuts
     D:3: 1326 daAuts
     D:4: 1093 daAuts
 Abyss:1: 131 daAuts
 Abyss:2: 97 daAuts
